 Dungeon Crawl Stone Soup version 0.25.1-2-g60ff931 (webtiles) character file.

Game seed: 3594281336138485498

114 Necrot the Chucker (level 4, -20/52 HPs)
             Began as a Centaur Arcane Marksman on Sept 14, 2020.
             Was an Initiate of Ru.
             Blown up by Ijyb (23 damage)
             ... with a disintegration bolt
             ... on level 3 of the Dungeon.
             The game lasted 00:21:45 (2605 turns).

Necrot the Chucker (Centaur Arcane Marksman)        Turns: 2605, Time: 00:21:47

Health: -20/52     AC: 22    Str: 12    XL:     4   Next: 67%
Magic:  5/5        EV:  1    Int: 12    God:    Ru [......]
Gold:   175        SH:  0    Dex: 11    Spells: 2/5 levels left

rFire    . . .     SeeInvis .   i - +0 hunting sling
rCold    . . .     Gourm    .   (no shield)
rNeg     + + +     Faith    .   (armour currently unavailable)
rPois    +         Spirit   .   (helmet currently unavailable)
rElec    .         Reflect  .   (cloak currently unavailable)
rCorr    .         Harm     .   (gloves currently unavailable)
MR       .....     NoTele   +   (no barding)
Stlth    +.........             (no amulet)
HPRegen  0.17/turn              (no ring)
MPRegen  0.09/turn              (no ring)

@: tree-form
A: large
a: Renounce Religion


You were on level 3 of the Dungeon.
You worshipped Ru.
Ru was noncommittal.
You were not hungry.
You were a tree.
You visited 1 branch of the dungeon, and saw 3 of its levels.

You collected 175 gold pieces.

Inventory:

Hand Weapons
 i - a +0 hunting sling (weapon)
Missiles
 e - 3 javelins
 l - 20 sling bullets (quivered)
Armour
 a - a +0 robe (melded)
 h - a +0 helmet (melded)
Wands
 d - a wand of digging (2)
Scrolls
 j - 2 scrolls of amnesia
 m - 2 scrolls of teleportation
Potions
 b - 2 potions of flight {unknown}
 n - 2 potions of invisibility {unknown}
Comestibles
 c - 2 chunks of flesh
 f - 2 rations


   Skills:
 + Level 1.2 Fighting
 + Level 4.1 Throwing
 + Level 1.8 Dodging
 + Level 1.4 Unarmed Combat
 + Level 1.0 Spellcasting
 + Level 3.2 Hexes


You had 2 spell levels left.
You knew the following spells:

 Your Spells              Type           Power        Failure   Level  Hunger
a - Corona                Hex            #......      9%          1    ##.....
b - Slow                  Hex            #.......     12%         2    ###....

Your spell library contained the following spells:

 Spells                   Type           Power        Failure   Level  Hunger
 Inner Flame              Hex/Fire       #.......     43%         3    ####...
 Portal Projectile        Hex/Tloc       #.....       43%         3    ####...
 Cause Fear               Hex            #.........   63%         4    #####..
 Leda's Liquefaction      Hex/Erth       #.........   83%         4    #####..


Dungeon Overview and Level Annotations

Branches:
Dungeon (3/15)

Altars:
Okawaru
Qazlal
Ru
Sif Muna

Annotations:
D:3 Ijyb


Innate Abilities, Weirdness & Mutations

((You have hooves in place of feet.))
((Armour fits poorly on your strangely shaped body.))
((You cover ground very quickly.))
((You have extremely tough skin. (AC +3)))


Message History

It was a scroll of immolation.
The hobgoblin hits you but does no damage.
Ijyb hits you but does no damage.
As you read the scroll labeled FOAXEG IBLA, it crumbles to dust.
You feel a strange sense of stasis.
It was a scroll of teleportation.
The hobgoblin hits you but does no damage.
Ijyb hits you but does no damage.
The hobgoblin hits you but does no damage.
Ijyb hits you but does no damage.
The hobgoblin hits you but does no damage.
Ijyb hits you but does no damage.
You clumsily bash the hobgoblin but do no damage.
The hobgoblin hits you but does no damage.
Ijyb zaps a wand.
You barely resist.
You clumsily bash the hobgoblin but do no damage.
The hobgoblin hits you but does no damage.
Ijyb hits you but does no damage.
The hobgoblin hits you but does no damage.
Ijyb zaps a wand.
You are blasted!
You die...

# # #.# # #.# #
#.. ## #.# ..#
#.##.. #.#.# #
#.g# # ##♣# #
#.#g....# #
#.#(≈≈≈.# #
##.#≈...≈# #
###..#≈._.≈#
#######
#....#≈.(.(#
......#
#.#..#.≈≈≈.#
......#
#.##.#.....#
......######.###.#


You could see Ijyb (inner flame) and a hobgoblin (inner flame).

Vanquished Creatures
  Jessica (D:2)
  A gnoll (D:1)
  An adder (D:3)
  An ooze (D:2)
  A dart slug (D:1)
  A leopard gecko (D:2)
  6 orcs (D:3)
  8 bats
  3 giant cockroaches
  5 goblins
  8 hobgoblins
  3 jackals (D:2)
  4 frilled lizards (D:1)
  6 kobolds
  6 rats
55 creatures vanquished.

Notes
Turn   | Place    | Note
-------+----------+-------------------------------------------
     0 | D:1      | Necrot the Centaur Arcane Marksman began the quest for the
                  | Orb.
     0 | D:1      | Reached XP level 1. HP: 16/16 MP: 2/2
   206 | D:1      | Reached XP level 2. HP: 23/23 MP: 3/3
   238 | D:1      | Reached skill level 3 in Throwing
   706 | D:2      | Reached XP level 3. HP: 25/28 MP: 4/4
   835 | D:2      | Learned a level 2 spell: Slow
  1628 | D:2      | Noticed Jessica
  1633 | D:2      | Killed Jessica
  1633 | D:2      | Reached skill level 1 in Unarmed Combat
  1633 | D:2      | Reached XP level 4. HP: 35/35 MP: 3/5
  2090 | D:3      | Found a stormy altar of Qazlal.
  2093 | D:3      | Found an iron altar of Okawaru.
  2093 | D:3      | Found a sacrificial altar of Ru.
  2101 | D:3      | Reached skill level 4 in Throwing
  2111 | D:3      | Found a shimmering blue altar of Sif Muna.
  2182 | D:3      | Became a worshipper of Ru the Awakened
  2591 | D:3      | Found a sacrificial altar of Ru.
  2591 | D:3      | Noticed Ijyb
  2597 | D:3      | HP: 1/35 [disintegration (3)]
  2605 | D:3      | Blown up by Ijyb

Illustrated notes

Levels and vault maps discovered:
D:1:      dpeg_arrival_houses_and_road, layout_basic
D:2:      layout_basic, uniq_jessica
D:3:      layout_basic, chequers_temple_overflow_statue_of_worship,
          first_ration, nicolae_ru_awakened_eye, uniq_ijyb

Skill      XL: |  1  2  3  4 |
---------------+-------------+-----
Hexes          | 3 |  3.2
Throwing       | 3 4 |  4.1
Unarmed Combat | 1 |  1.4
Fighting       | |  1.2
Dodging        | |  1.8
Spellcasting   | |  1.0

Action                   |  1- 3 |  4- 6 || total
-------------------------+-------+-------++-------
Melee: Unarmed           |    94 |    57 ||   151
       Kick              |    23 |     7 ||    30
       Hunting sling     |       |     5 ||     5
 Fire: Hunting sling     |       |    14 ||    14
Throw: Javelin           |    48 |    15 ||    63
       Throwing net      |     3 |       ||     3
 Cast: Corona            |    10 |     5 ||    15
  Use: Potion            |     1 |     6 ||     7
       Scroll            |     1 |     3 ||     4
  Eat: Chunk             |     2 |     2 ||     4
       Ration            |       |     1 ||     1
Armor: Robe              |    43 |    62 ||   105
       Skin              |       |    44 ||    44
Dodge: Dodged            |    62 |    82 ||   144
